 Dungeon Crawl Stone Soup version 0.28.0-53-g5a82cb258f (webtiles) character file.

Game seed: 7123338190008347074

489 Zeld the Ogre Mage (level 7, -2/68 HPs)
             Began as an Ogre Transmuter on May 22, 2022.
             Slain by a gnoll
             ... wielding a +0 flail
              (10 damage)
             ... on level 4 of the Dungeon.
             The game lasted 00:05:42 (7415 turns).

Zeld the Ogre Mage (Ogre Transmuter)                Turns: 7415, Time: 00:05:43

Health: -2/68      AC:  2    Str: 17    XL:     7   Next: 14%
Magic:  11/14      EV: 18    Int: 14    God:
Gold:   93         SH:  0    Dex: 14    Spells: 6/16 levels left

rFire   . . .      SeeInvis .     - Unarmed
rCold   . . .      Faith    .   (shield currently unavailable)
rNeg    . . .      Spirit   .   (armour currently unavailable)
rPois   x          Reflect  .   (helmet currently unavailable)
rElec   .          Harm     .   (cloak currently unavailable)
rCorr   .          Rampage  .   (gloves unavailable)
Will    .....                   (boots unavailable)
Stlth   +.........              (no amulet)
HPRegen 0.21/turn               (no ring)
MPRegen 0.14/turn               (no ring)

@: lit by a corona, spider-form, glowing
A: venomous fangs, tiny, unfitting armour, (tough skin 1)
a: End Transformation


You were on level 4 of the Dungeon.
You were a venomous arachnid creature.
You visited 1 branch of the dungeon, and saw 5 of its levels.
You also visited: Sewer.

You collected 153 gold pieces.
You spent 60 gold pieces at shops.

Inventory:

Armour
 a - a +0 robe (melded)
 p - a +0 cloak (melded)
Jewellery
 t - a ring of flight
 w - a ring of protection from fire
Wands
 y - a wand of polymorph (10)
Scrolls
 b - a scroll of fear {unknown}
 c - 2 scrolls of vulnerability {unknown}
 f - a scroll of noise {unknown}
 l - 2 scrolls of immolation {unknown}
 m - 5 scrolls of teleportation {unknown}
 n - 4 scrolls of identify {unknown}
 q - a scroll of summoning {unknown}
 v - a scroll of amnesia {unknown}
Potions
 d - 3 potions of curing {unknown}
 e - 4 potions of haste {unknown}
 g - 3 potions of resistance {unknown}
 h - 2 potions of flight {unknown}
 i - a potion of lignification {unknown}
 j - 2 potions of mutation {unknown}
 k - a potion of magic {unknown}
 o - 4 potions of brilliance {unknown}
 r - a potion of ambrosia {unknown}
 s - a potion of invisibility {unknown}
 u - a potion of attraction {unknown}
 x - a potion of degeneration {unknown}
 z - a potion of heal wounds {unknown}
 A - a potion of cancellation {unknown}


   Skills:
 + Level 3.7 Fighting
 - Level 1.7 Dodging
 - Level 2.6 Unarmed Combat
 * Level 5.0 Spellcasting
 * Level 3.9 Transmutations
 - Level 2.0 Ice Magic
 - Level 2.0 Poison Magic


You had 6 spell levels left.
You knew the following spells:

 Your Spells              Type           Power      Damage    Failure   Level
a - Beastly Appendage     Tmut           28%        N/A       11%         1
b - Wereblood             Tmut           14%        N/A       14%         2
c - Spider Form           Tmut/Pois      11%        N/A       34%         3
d - Ice Form              Ice/Tmut       11%        N/A       67%         4

Your spell library contained the following spells:

 Spells                   Type           Power      Damage    Failure   Level
 Slow                     Hex            12%        N/A       36%         1
 Frozen Ramparts          Ice            18%        1d3       43%         3
 Confusing Touch          Hex            3%         N/A       67%         3
 Vampiric Draining        Necr           3%         2d6       67%         3
 Summon Ice Beast         Ice/Summ       6%         N/A       89%         4


Dungeon Overview and Level Annotations

Branches:
Dungeon (5/15)              Sewer (visited)
 Temple: D:4-7

Altars:
Elyvilon
Qazlal

Shops:
D:2 *(


Innate Abilities, Weirdness & Mutations

You are a venomous arachnid creature.
You have poisonous fangs.
You are tiny and dextrous.
Your spellcasting is less reliable in this form.
Your armour is entirely melded.
You are incapable of wielding weapons or throwing items.
You are too large for most types of armour.
((You have tough skin. (AC +1)))


Message History

There are monsters nearby!
There are monsters nearby!
The gnoll shaman calls upon its god to speed up the gnoll.
The gnoll seems to speed up.
The gnoll throws a throwing net.
The throwing net hits you.
You become entangled in the net!
You stop ascending the stairs.
You tear a large gash into the net.
The gnoll hits you with a +0 flail.
The gnoll shaman hits you with a +0 whip.
You shred the net and break free! The gnoll hits you with a +0 flail!
The gnoll hits you from afar with a +0 halberd!
The gnoll hits you with a +0 flail. The gnoll barely misses you.
The gnoll hits you from afar with a +0 spear.
The gnoll shaman invokes the aid of its god against you.
You easily resist.
The gnoll completely misses you. The gnoll closely misses you.
The gnoll hits you with a +0 whip!
The gnoll shaman mumbles some strange prayers to its god against you.
You are outlined in light.
The gnoll hits you from afar with a +0 spear.
You climb upwards.
There is a stone staircase leading down here.
Casting: Spider Form (dangerous; 16% risk of failure)
Confirm with . or Enter, or press ? or * to list all spells.
You turn into a venomous arachnid creature.
Your +0 cloak melds into your body.
Your +0 robe melds into your body.
The gnoll hits you with a +0 flail!
* * * LOW HITPOINT WARNING * * *
The gnoll hits you but does no damage. The gnoll misses you.
The gnoll shaman hits you with a +0 whip!
* * * LOW HITPOINT WARNING * * *
You hit the gnoll.
The gnoll is poisoned.
The gnoll is heavily wounded.
The gnoll completely misses you. The gnoll closely misses you.
The gnoll shaman calls upon its god to speed up the gnoll.
The gnoll seems to speed up.
Unknown command.
You hit the gnoll.
The gnoll is lightly wounded.
The gnoll hits you with a +0 flail!
You die...

#.##.###.###.....##
#.....#.## ########
####.#.## # ###.###
######### #.....#
#.......# #.#.#.#
#.##....#
#.#.#.###.##.#..#
#g#..........#..##
#s###.###.####....
#gg(.<# #.#####.##
####### #.......#
#########


You could see a gnoll shaman and 2 gnolls.

Vanquished Creatures
  A kobold brigand (Sewer)
  A bullfrog skeleton (D:4)
  A hound (D:4)
  An iguana (D:4)
  A killer bee zombie (D:4)
  11 adders
  5 river rats (Sewer)
  6 worms
  3 dart slugs
  5 orcs (D:4)
  7 endoplasms
  4 giant cockroaches
  14 goblins
  10 hobgoblins
  5 jackals
  7 quokkas
  18 ball pythons
  7 bats
  7 frilled lizards
  27 kobolds
  A quokka skeleton (D:4)
  23 rats
165 creatures vanquished.

Vanquished Creatures (others)
  A plant (D:2)
1 creature vanquished.

Grand Total: 166 creatures vanquished

Notes
Turn   | Place    | Note
-------+----------+-------------------------------------------
     0 | D:1      | Zeld the Ogre Transmuter began the quest for the Orb.
     0 | D:1      | Reached XP level 1. HP: 19/19 MP: 3/3
   124 | D:1      | Reached XP level 2. HP: 9/27 MP: 3/5
   341 | D:1      | Learned a level 2 spell: Wereblood
   992 | D:1      | Reached XP level 3. HP: 31/35 MP: 5/7
  1002 | D:1      | Reached skill level 3 in Spellcasting
  1019 | D:1      | Learned a level 3 spell: Spider Form
  1637 | D:2      | Found Nutoi's Assorted Antiques.
  1699 | D:2      | Bought a sedimented blue potion for 19 gold pieces
  1699 | D:2      | Bought a dark potion for 19 gold pieces
  1817 | D:2      | Reached skill level 1 in Poison Magic
  1923 | D:2      | Reached XP level 4. HP: 28/42 MP: 9/9
  2331 | D:2      | Found Orotam's Weapon Emporium.
  2340 | D:2      | Found a faded altar of an unknown god.
  2348 | D:2      | Identified the +2 ring mail of Lifelessness {rC++ Slay+5}
  2591 | D:2      | Reached skill level 1 in Ice Magic
  3066 | D:2      | Bought a scroll labelled FIBLYP KEONUIFF for 22 gold pieces
  3122 | D:3      | Reached XP level 5. HP: 33/49 MP: 10/10
  3222 | D:3      | Learned a level 4 spell: Ice Form
  3243 | D:3      | Found a glowing drain.
  3272 | Sewer    | Entered a sewer
  3547 | Sewer    | Noticed a kobold brigand
  3555 | Sewer    | Killed a kobold brigand
  3556 | Sewer    | Reached skill level 4 in Spellcasting
  3798 | Sewer    | Reached XP level 6. HP: 16/59 MP: 6/12
  5098 | D:3      | Found Etryrar's Distillery.
  5941 | D:3      | Found a white marble altar of Elyvilon.
  6497 | D:4      | Reached XP level 7. HP: 61/67 MP: 11/14
  6674 | D:4      | Reached skill level 5 in Spellcasting
  6915 | D:4      | Found a stormy altar of Qazlal.
  7407 | D:5      | Entered Level 5 of the Dungeon
  7415 | D:4      | Slain by a gnoll

Illustrated notes

Levels and vault maps discovered:
D:1:      mrwooster_arrival_arrow, layout_basic, palyth_stone_intersect,
          grunt_decor_cap, minmay_pentomino_t4
D:2:      minmay_inner_zag, layout_basic, serial_curves, eino_curves_02,
          eino_curves_03, ebering_ecumenical_altar_hall, serial_shops,
          nicolae_shop_overgrown_old_shop, shop, minmay_misc_feat_square,
          st_stairs_11, minivault_24, minmay_3d_cube
D:3:      layout_loops_cross, elyvilon_altar_4, serial_shops,
          nicolae_shop_advertising_works [nicolae_subvault_shop_adworks],
          portal_sewer_entry_f, hangedman_decor_slide_cut, minmay_bisected
D:4:      layout_loops_cross, nicolae_qazlal_general_emergency
D:5:      layout_cave_pods, kennysheep_little_box, mainiacjoe_overflow_24_doors,
          temple_fountains, minmay_increasing_density

Skill      XL: |  1  2  3  4  5  6  7 |
---------------+----------------------+-----
Transmutations | 2 3 |  3.9
Spellcasting   | 3 4 5 |  5.0
Poison Magic   | 1 2 |  2.0
Fighting       | 2 3 |  3.7
Ice Magic      | 1 2 |  2.0
Dodging        | |  1.7
Unarmed Combat | |  2.6

Action                   |  1- 3 |  4- 6 |  7- 9 || total
-------------------------+-------+-------+-------++-------
Melee: Unarmed           |   142 |   284 |    35 ||   461
       Kick              |    26 |    26 |     9 ||    61
       Headbutt          |    11 |    17 |     4 ||    32
       Punch             |     1 |     4 |     1 ||     6
 Cast: Beastly Appendage |    29 |    29 |     6 ||    64
       Spider Form       |       |    19 |     2 ||    21
       Ice Form          |       |     2 |       ||     2
       Wereblood         |       |     1 |       ||     1
 Stab: Sleeping          |     2 |       |       ||     2
Armor: Robe              |    47 |    66 |     8 ||   121
       Skin              |       |    32 |     1 ||    33
Dodge: Dodged            |    91 |   201 |    24 ||   316
